 Dungeon Crawl Stone Soup version 0.13-a0-2477-geaae114 (webtiles) character file.

232 Rycklaryybbe the Grave Robber (level 4, -1/30 HPs)
             Began as a Mummy Necromancer on July 19, 2013.
             Was an Initiate of Ashenzari.
             Hit by a dart thrown by a crimson imp (2 damage)
             ... on Level 2 of the Dungeon.
             The game lasted 00:06:31 (2178 turns).

Rycklaryybbe the Grave Robber (Mummy Necromancer)   Turns: 2178, Time: 00:06:31

HP  -1/30        AC  2     Str 11      XL: 4   Next: 21%
MP   8/8         EV 12     Int 14      God: Ashenzari [......]
Gold 150         SH  0     Dex 13      Spells:  1 memorised,  7 levels left

Res.Fire  : x . .   See Invis. : .   c - +2,+3 whip (reach)
Res.Cold  : + . .   Warding    : .   a - +0 robe
Life Prot.: + + +   Conserve   : .   (no shield)
Res.Poison: +       Res.Corr.  : .   (no helmet)
Res.Elec. : .       Clarity    : .   (no cloak)
Sust.Abil.: . .     Spirit.Shd : .   (no gloves)
Res.Mut.  : .       Stasis     : .   (no boots)
Res.Rott. : +       Flight     : .   (no amulet)
Saprovore : . . .                    (no ring)
                                     (no ring)

@: slightly resistant to hostile enchantments, fairly stealthy
A: no food or potions, fire vulnerability, restore body, cold resistance 1, life
protection 3, poison resistance, torment resistance, unbreathing
a: Renounce Religion


You were on level 2 of the Dungeon.
You worshipped Ashenzari.
Ashenzari was noncommittal.
You were not hungry.

You visited 1 branch of the dungeon, and saw 2 of its levels.

You collected 130 gold pieces.

Inventory:

Hand weapons
 c - a +2,+3 whip of reaching (weapon)
Missiles
 i - 16 poisoned needles
Armour
 a - a +0 robe (worn)
 k - a cursed +0 robe
Scrolls
 e - a scroll of enchant weapon II
 f - 8 scrolls of identify {unknown}
 l - a scroll of curse jewellery
Books
 b - a book of Necromancy

   Spells                             Type                      Level
   *Pain                              Necromancy                   1
   Animate Skeleton                   Necromancy                   1
   Lethal Infusion                    Charms/Necromancy            2
   Vampiric Draining                  Necromancy                   3
   Regeneration                       Charms/Necromancy            3
   Animate Dead                       Necromancy                   4
   Control Undead                     Necromancy                   4


   Skills:
 - Level 0.2 Maces & Flails
 - Level 1.7 Dodging
 - Level 1.9 Stealth
 - Level 2.5 Spellcasting
 + Level 4.6 Necromancy


You had 7 spell levels left.
You knew the following spells:

 Your Spells              Type           Power        Failure   Level  Hunger
a - Pain                  Necr           ##..         3%          1    N/A

Dungeon Overview and Level Annotations

Branches:
Dungeon (2/27)

Altars:
Ashenzari
Fedhas
Nemelex Xobeh
Sif Muna
the Shining One


Innate Abilities, Weirdness & Mutations

You do not eat or drink.
Your flesh is vulnerable to fire.
Your flesh is cold resistant.
You are immune to negative energy.
Your system is resistant to poisons.
You are immune to unholy pain and torment.
You can survive without breathing.


Message History

Aim: a crimson imp wearing an uncursed robe (black smoke)
You reach to attack!
You hit the crimson imp.
The crimson imp is lightly wounded.
The crimson imp blinks!
The crimson imp throws a dart.
The dart misses you.
The crimson imp throws a dart.
The dart hits you!
* * * LOW HITPOINT WARNING * * *
The crimson imp throws a dart.
The dart misses you.
The crimson imp grinds its teeth.
The crimson imp blinks!
The crimson imp closely misses you.
Casting: Pain
Confirm with . or Enter, or press ? or * to list all spells.
You can't see any susceptible monsters within range! (Use Z to cast anyway.)
You hit the crimson imp.
The crimson imp is moderately wounded.
The crimson imp blinks!
The crimson imp throws a dart.
The dart misses you.
The crimson imp throws a dart.
The dart hits you!
You die...

#....P....#
#.5.....###
##.#.##.####
#.#........
#.####(#### #.#
##.## #.# #...#
########.# #...#
#@((..5..# #.)%#
########## ###.###
♣♣♣♣♣♣ #...#
♣♣♣♣♣♣♣♣♣ #.#.#
♣♣♣♣...♣♣♣♣ #.#.#
♣♣♣♣.%...♣♣♣♣ #.#.#
♣♣♣.....%.♣♣♣ #.#.#
♣♣.%.._....♣♣♣#.#.#
♣♣♣.........♣♣♣#.#.#


You could see a crimson imp.

Vanquished Creatures
  Jessica (D:2)
  3 adders (D:2)
  A giant mite (D:2)
  A giant gecko (D:1)
  An orc (D:2)
  5 hobgoblins
  7 kobolds
  A quokka (D:2)
  A bat (D:1)
  2 giant newts (D:2)
  5 goblins
  6 rats
34 creatures vanquished.

Notes
Turn   | Place    | Note
--------------------------------------------------------------
     0 | D:1      | Rycklaryybbe, the Mummy Necromancer, began the quest for the Orb.
     0 | D:1      | Reached XP level 1. HP: 13/13 MP: 3/3
   323 | D:1      | Found a shattered altar of Ashenzari.
   326 | D:1      | Reached XP level 2. HP: 17/19 MP: 1/4
   331 | D:1      | Became a worshipper of Ashenzari the Shackled
   986 | D:2      | Reached XP level 3. HP: 18/24 MP: 1/6
  1234 | D:2      | Found a sparkling altar of Nemelex Xobeh.
  1286 | D:2      | Found a deep blue altar of Sif Muna.
  1360 | D:2      | Noticed Jessica
  1368 | D:2      | Killed Jessica
  1657 | D:2      | Reached XP level 4. HP: 22/30 MP: 2/8
  1737 | D:2      | Found a glowing golden altar of the Shining One.
  2002 | D:2      | Found a blossoming altar of Fedhas.
  2171 | D:2      | HP: 1/30 [crimson imp/ dart (3)]
  2178 | D:2      | Hit by a dart thrown by a crimson imp

Action                   |  1- 3 |  4- 6 || total
-------------------------+-------+-------++-------
Melee: Whip              |    42 |    19 ||    61
 Cast: Pain              |    38 |    11 ||    49
  Use: Scroll            |       |     5 ||     5
 Stab: Sleeping          |     2 |       ||     2
